 Dungeon Crawl Stone Soup version 0.28-a0-773-g130ae17fe5 (webtiles) character file.

Game seed: 4494136756019636279

97 Sabo the Shield-Bearer (level 5, -4/42 HPs)
             Began as a Formicid Fighter on Nov 2, 2021.
             Was an Initiate of Ashenzari.
             Slain by Crazy Yiuf (8 damage)
             ... on level 2 of the Dungeon.
             The game lasted 00:09:00 (2296 turns).

Sabo the Shield-Bearer (Formicid Fighter)           Turns: 2296, Time: 00:09:01

Health: -4/42      AC:  8    Str: 22    XL:     5   Next: 0%
Magic:  0/5        EV:  9    Int:  7    God:    Ashenzari [......]
Gold:   51         SH:  4    Dex: 10    Spells: 4/4 levels left

rFire   . . .      SeeInvis +   a - +0 war axe
rCold   . . .      Faith    .   c - +0 buckler
rNeg    . . .      Spirit   .   b - +0 scale mail
rPois   .          Reflect  .   (helmet unavailable)
rElec   .          Harm     .   (no cloak)
rCorr   .          Rampage  .   (no gloves)
Will    .....                   n - +0 pair of boots
Stlth   ..........              (no amulet)
HPRegen 0.14/turn               (no ring)
MPRegen 0.09/turn               (no ring)

@: no status effects
A: permanent stasis, dig shafts and tunnels, antennae 3, four strong arms
a: Dig, Shaft Self, Renounce Religion, Curse Item


You were on level 2 of the Dungeon.
You worshipped Ashenzari.
Ashenzari was noncommittal.
You visited 1 branch of the dungeon, and saw 2 of its levels.

You collected 51 gold pieces.

Inventory:

Hand Weapons
 a - a +0 war axe (weapon)
 p - a +0 hunting sling
 u - a +0 mace of holy wrath
Missiles
 j - 20 arrows
 k - 22 poisoned darts
Armour
 b - a +0 scale mail (worn)
 c - a +0 buckler (worn)
 n - a +0 pair of boots (worn)
Scrolls
 f - a scroll of immolation {unknown}
 l - a scroll of vulnerability {unknown}
 m - a scroll of teleportation {unknown}
 o - a scroll of magic mapping {unknown}
 s - a scroll of blinking {unknown}
Potions
 d - 2 potions of might
 e - 2 potions of attraction {unknown}
 g - a potion of berserk rage {unknown}
 h - 2 potions of lignification {unknown}
 i - a potion of curing {unknown}
 q - 2 potions of haste {unknown}
 r - a potion of mutation {unknown}
 t - a potion of magic {unknown}


   Skills:
 + Level 3.9 Fighting
 + Level 3.1 Axes
 + Level 4.0 Armour
 + Level 0.2 Dodging
 + Level 4.3 Shields


You had 4 spell levels left.
You didn't know any spells.
Your spell library contained the following spells:

 Spells                   Type           Power      Damage    Failure   Level
 Freeze                   Ice            0%         1d3       75%         1
 Frozen Ramparts          Ice            0%         1d2       98%         3
 Hailstorm                Conj/Ice       0%         3d3       100%        4


Dungeon Overview and Level Annotations

Branches:
Dungeon (2/15)

Altars:
Ashenzari

Shops:
D:2 [

Annotations:
D:2 Crazy Yiuf


Innate Abilities, Weirdness & Mutations

You cannot be hasted, slowed, berserked, paralysed or teleported.
You can dig through walls and to a lower floor.
You have a pair of large antennae on your head. (SInv)
Your four strong arms can wield two-handed weapons with a shield.


Message History

You see here a +0 mace.
Found a mace.
You see here a +0 mace.
You see here a +0 mace.
Found three maces.
You see here a +0 mace.
You open the door. You closely miss Crazy Yiuf.
Crazy Yiuf hits you with a +3 quarterstaff of chaos! x2
You barely miss Crazy Yiuf. Crazy Yiuf closely misses you.
You hit Crazy Yiuf but do no damage. You block Crazy Yiuf's attack.
You hit Crazy Yiuf.
Crazy Yiuf is lightly wounded.
Crazy Yiuf hits you with a +3 quarterstaff of chaos.
Crazy Yiuf barely misses you.
You closely miss Crazy Yiuf.
Crazy Yiuf is lightly wounded.
Crazy Yiuf closely misses you.
You hit Crazy Yiuf.
Crazy Yiuf is moderately wounded.
Crazy Yiuf cries, "Lugonu!"
Crazy Yiuf hits you but does no damage.
You barely miss Crazy Yiuf.
Crazy Yiuf is moderately wounded.
Crazy Yiuf screams, "Seed!
Castle alas down."
You block Crazy Yiuf's attack.
Crazy Yiuf hits you with a +3 quarterstaff of chaos.
* * * LOW HITPOINT WARNING * * *
You feel your power leaking away.
You hit Crazy Yiuf but do no damage.
Crazy Yiuf is moderately wounded.
Crazy Yiuf hits you with a +3 quarterstaff of chaos.
* * * LOW HITPOINT WARNING * * *
You hit Crazy Yiuf.
Crazy Yiuf is heavily wounded.
Crazy Yiuf closely misses you.
You closely miss Crazy Yiuf.
Crazy Yiuf is heavily wounded.
Crazy Yiuf hits you with a +3 quarterstaff of chaos!
You die...

####.#.#.#######.######
.................#
####.####.####.########
#.# #.# #........######
#.# #.# ♣♣♣♣♣♣♣.......#
### #.# #.♣ ♣♣♣♣##..#
##.. #.# #.♣###
♣♣###.###... #.#
#.♣#)))#♣♣ ♣♣...........
#.#
#.♣#.))g@♣♣♣♣P.....###.<.
#.####.♣#)))#♣))♣.......#
##.. #......♣###
♣♣♣)♣)...### ##. #####..♣
♣♣♣ ♣♣♣♣♣.## #. #.##♣♣♣.#
♣.# ## #.......########.#
######...........#
#############


You could see Crazy Yiuf.

Vanquished Creatures
  Robin (D:2)
  2 adders (D:2)
  2 dart slugs (D:1)
  2 bats
  4 endoplasms
  3 giant cockroaches (D:2)
  12 goblins
  10 hobgoblins
  6 jackals (D:2)
  2 kobolds (D:2)
  3 quokkas
  6 frilled lizards
  5 rats
58 creatures vanquished.

Vanquished Creatures (others)
  2 fungi (D:2)
2 creatures vanquished.

Grand Total: 60 creatures vanquished

Notes
Turn   | Place    | Note
-------+----------+-------------------------------------------
     0 | D:1      | Sabo the Formicid Fighter began the quest for the Orb.
     0 | D:1      | Reached XP level 1. HP: 18/18 MP: 1/1
   120 | D:1      | Found a faded altar of an unknown god.
   134 | D:1      | Reached XP level 2. HP: 15/24 MP: 2/2
   252 | D:1      | Prayed at the altar of an unknown god.
   252 | D:1      | Became a worshipper of Ashenzari the Shackled
   533 | D:1      | Reached XP level 3. HP: 29/29 MP: 3/3
  1173 | D:2      | Noticed Robin
  1184 | D:2      | Killed Robin
  1185 | D:2      | Reached XP level 4. HP: 31/37 MP: 4/4
  1401 | D:2      | Found Napuu's Armour Shop.
  2179 | D:2      | Reached XP level 5. HP: 42/42 MP: 5/5
  2282 | D:2      | Found a runed translucent door.
  2283 | D:2      | Noticed Crazy Yiuf
  2296 | D:2      | Slain by Crazy Yiuf

Illustrated notes

Levels and vault maps discovered:
D:1:      minmay_arrival_checkered_box, layout_rooms,
          ebering_ecumenical_altar_webs
D:2:      layout_loops_ring, serial_shops, shop, minmay_goblin_outpost,
          uniq_robin, uniq_crazy_yiuf_cottage

Skill      XL: |  1  2  3  4 |
---------------+-------------+-----
Shields        | 4 |  4.3
Axes           | 3 |  3.1
Armour         | 4 |  4.0
Fighting       | |  3.9
Dodging        | |  0.2

Action                   |  1- 3 |  4- 6 || total
-------------------------+-------+-------++-------
Melee: War axe           |    92 |   128 ||   220
 Abil: Dig               |     2 |     9 ||    11
Armor: Scale mail        |    46 |    71 ||   117
Dodge: Dodged            |    38 |    47 ||    85
Block: Buckler           |    18 |    31 ||    49

Table legend: (Time is in decaauts)
 A = Elapsed time spent in this place.
 B = Non-inter-level travel time spent in this place.
 C = Inter-level travel time spent in this place.
 D = Time resting spent in this place.
 E = Time spent auto-exploring this place.
 F = Levels seen in this place.
 G = Mean time per level.
                   A        B        C        D        E       F      G
               +--------+--------+--------+--------+--------+-----+--------+
         Total |   2390 |   2390 |      0 |    974 |      0 |   2 | 1195.0 |
       Dungeon |   2390 |   2390 |      0 |    974 |      0 |   2 | 1195.0 |
               +--------+--------+--------+--------+--------+-----+--------+

Top non-repeatable levels by time:
     D:2: 1686 daAuts
     D:1: 703 daAuts
